 Dungeon Crawl Stone Soup version 0.16.0-16-g311141a (console) character file.

1547 Cab the Grappler (level 8, 0/74 HPs)
             Began as a Troll Monk on Mar 19, 2015.
             Was a Priest of Cheibriados.
             Slain by an orc warrior
             ... wielding a +0 trident
              (11 damage)
             ... on level 6 of the Dungeon.
             The game lasted 00:18:02 (3550 turns).

Cab the Grappler (Troll Monk)                       Turns: 3550, Time: 00:18:02

Health: 0/74       AC:  7    Str: 27    XL:     8   Next: 57%
Magic:  8/12       EV: 11    Int: 13    God:    Cheibriados [***...]
Gold:   203        SH:  0    Dex: 21    Spells: 0 memorised, 7 levels left

rFire  . . .     SeeInvis .       - Unarmed
rCold  . . .     Clarity  +     a - +0 robe
rNeg   . . .     SustAb   .     (shield restricted)
rPois  .         Gourm    +     l - +2 hat
rElec  .         Spirit   .     (no cloak)
rCorr  .         Warding  .     (gloves unavailable)
rMut   .         Stasis   .     (boots unavailable)
MR     .....                    g - amulet of clarity
Stlth  ++........               (no ring)
                                h - ring of magical power

@: very slow, not resistant to hostile enchantments, unstealthy
A: unfitting armour, claws 3, fast metabolism 3, gourmand, regeneration 2,
shaggy fur 1, tough skin 2
a: Bend Time, Temporal Distortion, Renounce Religion


You were on level 6 of the Dungeon.
You worshipped Cheibriados.
Cheibriados was most pleased with you.
You were not hungry.

You visited 2 branches of the dungeon, and saw 7 of its levels.

You collected 284 gold pieces.
You spent 81 gold pieces at shops.

Inventory:

Armour
 a - a +0 robe (worn)
 l - a +2 hat (worn)
Jewellery
 g - an amulet of clarity (around neck)
 h - a ring of magical power (left claw)
 w - an uncursed amulet of resist mutation
Magical devices
 i - a wand of magic darts (32)
 t - a wand of fire (11)
Scrolls
 c - 2 scrolls of recharging
 d - 3 scrolls of random uselessness
 e - 4 scrolls of remove curse
 k - 6 scrolls of identify
 m - 2 scrolls of teleportation
 n - 3 scrolls of fog
 u - a scroll of enchant weapon
Potions
 f - 5 potions of curing
 j - a potion of berserk rage {unknown}
 q - a potion of magic {unknown}
 r - a potion of agility
 s - 2 potions of heal wounds
 x - a potion of lignification {unknown}
 z - a potion of cancellation {unknown}
 A - a potion of beneficial mutation {unknown}
Comestibles
 b - 5 meat rations
 o - 5 bread rations
 p - 3 fruits
 v - a beef jerky


   Skills:
 - Level 2.4 Fighting
 - Level 2.4 Dodging
 - Level 1.1 Stealth
 + Level 11.3 Unarmed Combat


You had 7 spell levels left.
You didn't know any spells.

Dungeon Overview and Level Annotations

Branches:
Dungeon (6/15)             Temple (1/1) D:4

Altars:
Cheibriados
Fedhas
Makhleb
Ru
Sif Muna
Vehumet
Zin
The Shining One

Shops:
D:4 !%*%(


Innate Abilities, Weirdness & Mutations

You are too large for most types of armour.
You have claws for hands.
Your metabolism is lightning-fast.
You like to eat raw meat.
You heal very quickly.
You are covered in fur (AC +1).
You have very tough skin (AC +2).


Message History

The stone hits you!
Use which ability? (? or * to list)
You warp the flow of time around you!
You feel somewhat more hungry.
Cheibriados reduces the support of your attributes as your movement quickens.
You claw the orc warrior!!
The orc warrior begins to bleed from its wounds!
The orc warrior is almost dead.
The orc warrior hits you with a trident!!
* * * LOW HITPOINT WARNING * * *
You barely miss the orc warrior.
The orc warrior is almost dead.
You barely miss the orc warrior.
The orc warrior is almost dead.
The orc warrior hits you with a trident!
* * * LOW HITPOINT WARNING * * *
The orc closely misses you.
You completely miss the orc warrior.
The orc warrior is almost dead.
The orc warrior hits you with a trident!
You die...

▒▒▒▒▒∙∙∙∙∙∙▒∙∙∙∙∙∙∙▒▒
▒▒∙∙▒∙▒∙∙▒
∙≈≈≈▒▒▒∙▒▒▒▒▒∙∙∙∙∙▒▒
▒∙∙▒∙▒∙∙▒ ≈≈≈▒▒ ▒∙▒
▒▒∙∙∙▒▒ ▒∙∙▒∙▒∙∙▒
∙∙▄∩▒ ▒ ▒■▒▒ ▒∙∙▒∙▒∙∙▒
≈≈≈▒▒ ▒∙ ▒∙∙▒∙▒∙∙▒
∙≈≈≈▒ ▒∙ ▒∙∙∙∙∙∙∙▒
▒▒▒▒▒ ▒
▒▒∙▒▒▒▒▒▒▒▒▒▒▒▒∙▒▒▒▒
∙∙∙∙∙▒∙∙(∙)∙∙∙∙∙∙∙∙∙∙▒
▒∙∙∙∙@∙▒▒▒▒▒▒▒▒▒▒▒▒
▒▒▒∙oo▒▒ ▒▒l▒▒ ▒∙ ▒∙
▒∙ ▒∙ ▒∙ ∙


You could see an orc warrior (bleeding), an iguana and an orc.

Vanquished Creatures
  The ghost of inmateoo the Skirmisher, an experienced FoMo (D:5)
  Grinder (D:6)
  An ice beast (D:6)
  A phantom (D:6)
  A centaur (D:5)
  An ogre (D:3)
  Sigmund (D:5)
  A giant frog (D:6)
  A jelly (D:5)
  A giant frog skeleton (D:5)
  An orc wizard (D:6)
  A hound (D:6)
  An iguana (D:5)
  A quasit (D:3)
  An iron imp (D:6)
  2 worker ants
  A hound skeleton (D:4)
  9 gnolls
  A shadow imp (D:5)
  6 adders
  2 giant mites
  A worm (D:5)
  3 adder skeletons
  A giant gecko (D:3)
  An ooze (D:3)
  3 orcs
  4 bat skeletons
  A bat zombie (D:5)
  5 giant cockroaches
  11 goblins
  7 hobgoblins
  2 jackals (D:4)
  15 kobolds
  3 quokkas (D:3)
  9 bats
  4 giant newts
  9 rats
115 creatures vanquished.

Notes
Turn   | Place    | Note
--------------------------------------------------------------
     0 | D:1      | Cab, the Troll Monk, began the quest for the Orb.
     0 | D:1      | Reached XP level 1. HP: 22/22 MP: 1/1
   165 | D:1      | Reached XP level 2. HP: 29/29 MP: 1/1
   550 | D:2      | Reached skill level 5 in Unarmed Combat
   550 | D:2      | Reached XP level 3. HP: 34/36 MP: 2/2
   951 | D:3      | Reached XP level 4. HP: 36/44 MP: 2/2
  1011 | D:3      | Found a sacrificial altar of Ru.
  1137 | D:3      | Noticed an ogre
  1141 | D:3      | Killed an ogre
  1141 | D:3      | Reached skill level 6 in Unarmed Combat
  1141 | D:3      | Reached XP level 5. HP: 34/50 MP: 2/2
  1269 | D:3      | Found a radiant altar of Vehumet.
  1520 | D:4      | Found Deos' Food Shop.
  1666 | D:4      | Found Ghuokham's Antique Weapon Boutique.
  1675 | D:4      | Reached skill level 7 in Unarmed Combat
  1792 | D:4      | Found Mnezizinke's General Store.
  1803 | D:4      | Bought a scroll of identify for 26 gold pieces
  1828 | D:4      | Found a staircase to the Ecumenical Temple.
  1845 | Temple   | Entered the Ecumenical Temple
  1895 | Temple   | Became a worshipper of Cheibriados the Contemplative
  1895 | Temple   | Acquired Cheibriados' first power
  1952 | D:4      | Found Usherchi's Food Emporium.
  2033 | D:4      | Found Odwaju's Distillery.
  2040 | D:4      | Bought a potion of heal wounds for 55 gold pieces
  2081 | D:4      | Found a glowing golden altar of the Shining One.
  2213 | D:5      | Entered Level 5 of the Dungeon
  2240 | D:5      | Reached XP level 6. HP: 54/59 MP: 3/3
  2241 | D:5      | Noticed inmateoo's ghost (experienced FoMo)
  2248 | D:5      | Killed inmateoo's ghost
  2248 | D:5      | Reached skill level 9 in Unarmed Combat
  2248 | D:5      | Reached XP level 7. HP: 61/66 MP: 3/3
  2450 | D:5      | Noticed Sigmund
  2462 | D:5      | Killed Sigmund
  2721 | D:5      | Acquired Cheibriados' second power
  2888 | D:5      | Noticed a centaur
  2895 | D:5      | Killed a centaur
  2895 | D:5      | Reached skill level 10 in Unarmed Combat
  3160 | D:6      | Reached XP level 8. HP: 65/74 MP: 3/3
  3294 | D:6      | Noticed Grinder
  3300 | D:6      | Killed Grinder
  3419 | D:6      | Found a burning altar of Makhleb.
  3447 | D:6      | Reached skill level 11 in Unarmed Combat
  3550 | D:6      | Slain by an orc warrior

Action                   |  1- 3 |  4- 6 |  7- 9 || total
-------------------------+-------+-------+-------++-------
Melee: Unarmed           |    72 |   106 |    74 ||   252
Invok: Temporal Distorti |       |       |     1 ||     1
  Use: Scroll            |     1 |     8 |     2 ||    11
       Potion            |       |     7 |     2 ||     9
 Stab: Sleeping          |       |     1 |       ||     1
  Eat: Chunk             |     8 |    11 |     9 ||    28
